 Dungeon Crawl Stone Soup version 0.23-a0-612-gcb482e9 (webtiles) character file.

193 Borgoz the Skirmisher (level 5, -1/46 HPs)
             Began as a Ghoul Abyssal Knight on Dec 22, 2018.
             Was a Believer of Lugonu.
             Slain by an orc
             ... wielding a +0 hand axe
              (3 damage)
             ... on level 3 of the Dungeon.
             The game lasted 00:04:33 (2579 turns).

Borgoz the Skirmisher (Ghoul Abyssal Knight)        Turns: 2579, Time: 00:04:34

Health: -1/46      AC:  6    Str: 15 (16) XL:     5   Next: 72%
Magic:  6/6        EV:  9    Int:  5 (7)  God:    Lugonu [**....]
Gold:   98         SH:  4    Dex:  7 (9)  Spells: 4/4 levels left

rFire    . . .     SeeInvis .   a - +1 hand axe
rCold    + . .     Gourm    .   (no shield)
rNeg     + + +     Faith    .   d - +0 scale mail
rPois    ∞         Spirit   .   (no helmet)
rElec    .         Reflect  +   (no cloak)
rCorr    .         Harm     .   (no gloves)
MR       .....                  (no boots)
Stlth    ..........             o - +4 amulet of reflection
HPRegen  0.00/turn              (no ring)
MPRegen  0.10/turn              (no ring)

@: flying, rotting
A: rotting body, claws 1, carnivore, cold resistance 1, negative energy
resistance 3, inhibited regeneration, torment resistance, unbreathing
a: Depart the Abyss, Bend Space, Renounce Religion


You were on level 3 of the Dungeon.
You worshipped Lugonu.
Lugonu was pleased with you.
You were not hungry.

You visited 1 branch of the dungeon, and saw 4 of its levels.
You visited the Abyss 1 time.

You collected 98 gold pieces.

Inventory:

Hand Weapons
 a - a +1 hand axe (weapon)
Missiles
 m - a throwing net (quivered)
Armour
 d - a +0 scale mail (worn)
Jewellery
 o - a +4 amulet of reflection (around neck)
Scrolls
 g - a scroll of identify {unknown}
 h - 2 scrolls of remove curse {unknown}
 i - 4 scrolls of teleportation {unknown}
 j - 2 scrolls of amnesia {unknown}
 n - a scroll of blinking {unknown}
 p - a scroll of enchant armour {unknown}
 q - a scroll of fog {unknown}
Potions
 e - a potion of flight
 f - 2 potions of curing {unknown}
 k - 2 potions of magic {unknown}
 l - a potion of heal wounds {unknown}
 s - a potion of lignification {unknown}
Comestibles
 c - 6 rations


   Skills:
 + Level 4.2 Fighting
 + Level 2.8 Axes
 + Level 2.7 Armour
 + Level 2.1 Dodging
 + Level 3.2 Invocations


You had 4 spell levels left.
You didn't know any spells.
Your spell library contained the following spells:

 Spells                   Type           Power        Failure   Level  Hunger
 Animate Skeleton         Necr           N/A          90%         1    ##.....
 Apportation              Tloc           #.....       90%         1    ##.....
 Confusing Touch          Hex            #.....       90%         1    ##.....
 Summon Small Mammal      Summ           #...         90%         1    ##.....
 Ensorcelled Hibernation  Hex/Ice        #.....       97%         2    ###....
 Borgnjor's Vile Clutch   Necr/Erth      #.........   100%        5    ######.
 Silence                  Hex/Air        #.........   100%        5    ######.
 Darkness                 Hex            #.........   100%        6    #######
 Shadow Creatures         Summ           N/A          100%        6    #######


Dungeon Overview and Level Annotations

Branches:
Dungeon (4/15)
 Temple: D:4-7

Altars:
Xom


Innate Abilities, Weirdness & Mutations

Your body is rotting away.
You thrive on raw meat.
You are immune to poison.
You have sharp fingernails.
You are carnivorous and can eat meat at any time.
Your flesh is cold resistant. (rC+)
You are immune to negative energy. (rN+++)
You do not regenerate when monsters are visible.
You are immune to unholy pain and torment.
You can survive without breathing.


Message History

You kill the orc!
Lugonu accepts your kill.
You hit the orc. The orc wizard completely misses you.
The orc hits you with a +0 hand axe.
* * * LOW HITPOINT WARNING * * *
It was a potion of degeneration.
There was something very wrong with that liquid.
You feel weakened.
You feel dopey.
You feel clumsy. The orc wizard completely misses you. The orc hits you.
* * * LOW HITPOINT WARNING * * *
The orc barely misses you.
It was a potion of flight.
You feel very buoyant.
You fly up into the air.
The orc wizard hits you with a +0 dagger.
* * * LOW HITPOINT WARNING * * *
The orc hits you.
* * * LOW HITPOINT WARNING * * *
The orc hits you with a +0 hand axe.
You die...

######## #.......
#.###... ###########
##.###.##
#.........####...##.##
#.######............##
#># #oo...####...#####
#.# #@###.# ##.## #
#.###o###.# #.######
#....o....# #.......
##.......## ##'######
#..#..#.# ##...## #
#..#..#.# ##.)...##
###..#..#.###.......##
#(...>....##.........##
#.#........'.........'.


You could see an orc wizard and 3 orcs.

Vanquished Creatures
  Jessica (D:3)
  A worker ant (D:3)
  6 adders
  An ooze (D:1)
  A worm (D:3)
  3 dart slugs
  3 leopard geckos
  5 orcs (D:3)
  6 bats
  4 giant cockroaches
  4 goblins
  6 hobgoblins
  7 jackals (D:2)
  7 kobolds
  2 quokkas
  3 ball pythons
  5 frilled lizards
  8 rats
73 creatures vanquished.

Notes
Turn   | Place    | Note
-------+----------+-------------------------------------------
     0 | Abyss:1  | Borgoz the Ghoul Abyssal Knight began the quest for the
                  | Orb.
     0 | Abyss:1  | Reached XP level 1. HP: 19/19 MP: 1/1
    86 | Abyss:2  | Noticed an orc sorcerer
    87 | D:1      | Escaped the Abyss
   131 | D:1      | Reached skill level 1 in Dodging
   210 | D:1      | Reached XP level 2. HP: 26/26 MP: 2/2
   231 | D:1      | Reached * piety under Lugonu
   362 | D:1      | Reached XP level 3. HP: 22/31 MP: 3/3
   733 | D:2      | Found a faded altar of an unknown god.
  1077 | D:2      | Reached XP level 4. HP: 38/40 MP: 4/4
  1078 | D:2      | Reached ** piety under Lugonu
  1664 | D:3      | Reached skill level 4 in Fighting
  1829 | D:3      | Noticed Jessica
  1836 | D:3      | Killed Jessica
  1836 | D:3      | Reached XP level 5. HP: 41/46 MP: 6/6
  1918 | D:3      | Found a shimmering altar of Xom.
  2579 | D:3      | HP: 2/46 [orc (2)]
  2579 | D:3      | Slain by an orc

Vault maps used:
D:1:      dpeg_arrival_lava_altar
D:2:      chequers_ecumenical_altar_island, first_ration, serial_park_tiny_2,
          kennysheep_decorative_pillar, minmay_pentomino_v2
D:3:      xom_teletrap_fun, uniq_jessica
D:4:      nicolae_overflow_hidden_temple

Skill      XL: |  1  2  3  4  5 |
---------------+----------------+-----
Dodging        | 1 2 |  2.1
Axes           | 2 |  2.8
Armour         | 2 |  2.7
Fighting       | 4 |  4.2
Invocations    | 3 |  3.2

Action                   |  1- 3 |  4- 6 || total
-------------------------+-------+-------++-------
Melee: Hand axe          |   125 |   112 ||   237
Invok: Depart the Abyss  |     1 |       ||     1
  Use: Potion            |       |     2 ||     2
  Eat: Chunk             |    11 |     9 ||    20
Armor: Scale mail        |    59 |    57 ||   116
       Leather armour    |     2 |       ||     2
Dodge: Dodged            |    77 |    73 ||   150
Block: Other             |       |    11 ||    11

Table legend:
 A = Non-vault XP
 B = Vault XP
 C = Vault XP percentage of total XP
 D = Non-vault monster count
 E = Vault monster count
 F = Vault count percentage of total count
                 A         B        C        D         E       F
            +---------+---------+-------+---------+---------+-------
      Total |     238 |      39 |  14.1 |      71 |       2 |   2.7
            +---------+---------+-------+---------+---------+-------
        D:1 |      36 |       0 |   0.0 |      19 |       0 |   0.0
        D:2 |      50 |       2 |   3.8 |      22 |       1 |   4.3
        D:3 |     150 |      37 |  19.8 |      29 |       1 |   3.3
        D:4 |       2 |       0 |   0.0 |       1 |       0 |   0.0
            +---------+---------+-------+---------+---------+-------
